 Dungeon Crawl Stone Soup version 0.27.1-35-g4d5d836560 (console) character file.

Game seed: 7685561141143472476

4504 grimtooth the Tainter (level 10, -5/70 HPs)
             Began as a Formicid Venom Mage on Nov 28, 2022.
             Was a Priest of Fedhas.
             Slain by a yak (13 damage)
             ... on level 9 of the Dungeon.
             The game lasted 01:04:32 (12197 turns).

grimtooth the Tainter (Formicid Venom Mage)        Turns: 12197, Time: 01:04:33

Health: -5/70      AC:  8    Str: 14    XL:     10   Next: 65%
Magic:  16/16      EV: 10    Int: 17    God:    Fedhas [***...]
Gold:   257        SH:  0    Dex: 11    Spells: 10/17 levels left

rFire    . . .     SeeInvis +   x - +2 whip (flame)
rCold    . . .     Faith    .   (no shield)
rNeg     + . .     Spirit   .   J - +0 ring mail
rPois    .         Reflect  .   (helmet unavailable)
rElec    .         Harm     .   d - +0 cloak
rCorr    .         Rampage  .   (no gloves)
Will     +....                  w - +0 pair of boots
Stlth    +++.......             (no amulet)
HPRegen  0.21/turn              C - ring of positive energy
MPRegen  0.15/turn              (no ring)

@: no status effects
A: permanent stasis, dig shafts and tunnels, antennae 3, four strong arms
a: Dig, Shaft Self, Renounce Religion, Wall of Briars, Grow Ballistomycete


You were on level 9 of the Dungeon.
You worshipped Fedhas.
Fedhas was most pleased with you.
You visited 2 branches of the dungeon, and saw 10 of its levels.

You collected 309 gold pieces.
You spent 52 gold pieces at shops.

Inventory:

Hand Weapons
 x - a +2 whip of flaming (weapon)
 y - a +3 flail
 F - a +1 dagger of electrocution
Missiles
 e - 48 stones
 f - 54 sling bullets
 l - 5 boomerangs of dispersal
 r - 31 poisoned darts (quivered)
 B - 8 boomerangs
Armour
 a - a +1 robe of willpower
 d - a +0 cloak (worn)
 w - a +0 pair of boots (worn)
 J - a +0 ring mail (worn)
Jewellery
 C - a ring of positive energy (left hand)
 H - a ring of ice
Wands
 n - a wand of iceblast (2)
 D - a wand of flame (7)
Scrolls
 g - 5 scrolls of teleportation {unknown}
 h - 2 scrolls of holy word
 k - 2 scrolls of enchant armour
 o - 2 scrolls of magic mapping
 p - a scroll of vulnerability {unknown}
 q - a scroll of silence {unknown}
 s - a scroll of fear
 u - a scroll of amnesia {unknown}
 A - a scroll of immolation {unknown}
 E - a scroll of fog
 G - a scroll of torment {unknown}
 I - a scroll of identify {@r4}
Potions
 b - a potion of magic
 c - a potion of curing
 j - 2 potions of lignification
 m - a potion of might
 t - 2 potions of resistance {unknown}
 v - a potion of brilliance
 z - a potion of mutation {unknown}


   Skills:
 - Level 3.1 Fighting
 - Level 6.0 Maces & Flails
 * Level 5.7 Armour
 - Level 1.7 Dodging
 + Level 6.9 Stealth
 - Level 4.0 Spellcasting
 - Level 3.0 Transmutations
 - Level 3.0 Air Magic
 - Level 12.0 Poison Magic
 + Level 2.8 Invocations


You had 10 spell levels left.
You knew the following spells:

 Your Spells              Type           Power      Damage    Failure   Level
a - Sting                 Tmut/Pois      100%       1d8       1%          1
b - Poisonous Vapours     Pois/Air       56%        N/A       1%          2
c - Olgreb's Toxic Radia  Pois           44%        N/A       2%          4

Your spell library contained the following spells:

 Spells                   Type           Power      Damage    Failure   Level
 Mephitic Cloud           Conj/Pois/Air  20%        N/A       12%         3
 Freeze                   Ice            12%        1d4       30%         1
 Magic Dart               Conj           12%        1d3       30%         1
 Pain                     Necr           12%        1d4       30%         1
 Searing Ray              Conj           6%         3d3       41%         2
 Call Canine Familiar     Summ           3%         N/A       65%         3
 Portal Projectile        Hex/Tloc       6%         N/A       65%         3
 Stone Arrow              Conj/Erth      6%         3d7       65%         3
 Fulminant Prism          Conj/Hex       1%         3d6       96%         4
 Leda's Liquefaction      Hex/Erth       1%         N/A       96%         4
 Agony                    Necr           3%         N/A       100%        5
 Bolt of Magma            Conj/Fire/Erth 1%         4d4       100%        5
 Excruciating Wounds      Necr           1%         N/A       100%        5
 Shatter                  Erth           1%         3d6*      100%        9


Dungeon Overview and Level Annotations

Branches:
Dungeon (9/15)             Temple (1/1) D:4
   Lair: D:8-11         Orc: D:9-12

Altars:
Ashenzari
Cheibriados
Dithmenos
Elyvilon
Fedhas
Gozag
Hepliaklqana
Kikubaaqudgha
Makhleb
Nemelex Xobeh
Okawaru
Qazlal
Ru
Sif Muna
Trog
Uskayaw
Vehumet
Wu Jian
Xom
Yredelemnul
Zin
The Shining One

Shops:
D:8 ??*

Annotations:
D:4 1 runed translucent door, exclusion: phantom, Crazy Yiuf
D:5 Dowan, Duvessa


Innate Abilities, Weirdness & Mutations

You cannot be hasted, slowed, berserked, paralysed or teleported.
You can dig through walls and to a lower floor.
You have a pair of large antennae on your head. (SInv)
Your four strong arms can wield two-handed weapons with a shield.


Message History

The yak is moderately wounded.
The yak gores you but does no damage.
You hit the yak but do no damage.
The yak is moderately wounded.
The yak gores you.
You barely miss the yak.
The yak is moderately wounded.
You hit the yak but do no damage.
The yak is moderately wounded.
The yak gores you.
You hit the yak. You burn the yak.
The yak is moderately wounded.
The yak gores you!
You closely miss the yak.
The yak is moderately wounded.
The yak gores you.
You hit the yak. You burn the yak.
The yak is heavily wounded.
The yak gores you.
The yak bellows!
You hit the yak. You burn the yak.
The yak is severely wounded.
You hit the yak. You burn the yak.
The yak is almost dead.
The yak gores you!
You hit the yak. You burn the yak.
You kill the yak!
Fedhas appreciates your contribution to the ecosystem.
The yak gores you!
* * * LOW HITPOINT WARNING * * *
You see here a yak corpse.
The yak gores you.
* * * LOW HITPOINT WARNING * * *
The yak gores you!
* * * LOW HITPOINT WARNING * * *
You see here a yak corpse.
There is a stone staircase leading up, spattered with blood here.
The yak gores you!
You die...
Fedhas appreciates your contribution to the ecosystem.

...# ...# #...#.
####...... #..#......
##......# # #......# .##
##.†#### #...#
##.<.####.....
##...Y..#......
#...##@........ ##
##.###......... . #.##.(#
#........# .C..##...(.#
#........# ...
#..<...(#####........
...######.....###........
.#......###...#..........
...#(...####.............
......... #...Y#........
........# #......##.....[
........###......# ......


You could see a yak.

Vanquished Creatures
  A moth of wrath (D:7)
  Psyche (D:8)
  2 hornets
  5 yaks
  Grum (D:9)
  3 orc warriors
  A hornet zombie (D:8)
  2 black bears
  2 ogres
  A centaur (D:8)
  4 wolves (D:9)
  Blork the orc (D:5)
  A bullfrog (D:6)
  A gnoll sergeant (D:7)
  2 scorpions
  2 water moccasin zombies
  A wyvern skeleton (D:6)
  3 howler monkeys (D:7)
  A centaur zombie (D:6)
  A jelly (D:5)
  A bullfrog zombie (D:6)
  4 orc priests
  3 bullfrog skeletons
  3 hounds
  A centaur skeleton (D:7)
  3 iguanas
  6 orc wizards
  A hound skeleton (D:4)
  A howler monkey zombie (D:6)
  Robin (D:3)
  5 gnolls
  8 adders
  A shadow imp (D:5)
  2 white imps
  2 ufetubi
  3 worms
  4 dart slugs
  21 orcs
  6 ball pythons
  8 bats
  11 endoplasms
  2 giant cockroaches (D:2)
  14 goblins
  6 hobgoblins
  4 jackals (D:1)
  A quokka (D:2)
  A frilled lizard (D:3)
  6 kobolds
  A quokka skeleton (D:4)
  12 rats
178 creatures vanquished.

Vanquished Creatures (others)
  2 plants (D:5)
2 creatures vanquished.

Grand Total: 180 creatures vanquished

Notes
Turn   | Place    | Note
-------+----------+-------------------------------------------
     0 | D:1      | grimtooth the Formicid Venom Mage began the quest for the
                  | Orb.
     0 | D:1      | Reached XP level 1. HP: 13/13 MP: 3/3
   100 | D:1      | Reached XP level 2. HP: 19/19 MP: 0/5
   379 | D:1      | Reached XP level 3. HP: 24/24 MP: 3/6
   731 | D:1      | Found a faded altar of an unknown god.
  1130 | D:2      | Reached XP level 4. HP: 30/30 MP: 3/7
  1411 | D:2      | Found a bloodstained altar of Trog.
  1671 | D:2      | Reached skill level 5 in Poison Magic
  2282 | D:3      | Learned a level 2 spell: Poisonous Vapours
  2738 | D:3      | Found a shimmering blue altar of Sif Muna.
  2761 | D:3      | Reached XP level 5. HP: 27/35 MP: 5/9
  2799 | D:3      | Got Sif Muna's Papyrus of Snow
  3307 | D:4      | Noticed a black bear
  3387 | D:4      | Killed a black bear
  3388 | D:4      | Reached skill level 5 in Stealth
  3388 | D:4      | Reached skill level 6 in Poison Magic
  3388 | D:4      | Reached XP level 6. HP: 32/41 MP: 3/10
  3588 | D:4      | Found a runed translucent door.
  3589 | D:4      | Noticed Crazy Yiuf
  3663 | D:4      | Found a staircase to the Ecumenical Temple.
  3747 | D:4      | Found an ancient bone altar of Kikubaaqudgha.
  3789 | Temple   | Entered the Ecumenical Temple
  3912 | Temple   | Became a worshipper of Fedhas Madash
  4049 | D:4      | Noticed an ogre
  4123 | D:4      | Killed an ogre
  4124 | D:4      | Reached skill level 7 in Poison Magic
  4124 | D:4      | Reached XP level 7. HP: 46/46 MP: 8/11
  4752 | D:5      | Entered Level 5 of the Dungeon
  4838 | D:5      | Noticed Blork the orc
  4928 | D:5      | Killed Blork the orc
  4929 | D:5      | Reached skill level 8 in Poison Magic
  4990 | D:5      | Found a basalt altar of Yredelemnul.
  5073 | D:5      | Noticed Dowan
  5222 | D:5      | Found a white marble altar of Elyvilon.
  5236 | D:5      | Reached skill level 9 in Poison Magic
  5276 | D:5      | Reached XP level 8. HP: 49/52 MP: 4/12
  5500 | D:5      | Reached * piety under Fedhas
  6193 | D:5      | Noticed Duvessa
  6259 | D:5      | Learned a level 4 spell: Olgreb's Toxic Radiance
  6281 | D:6      | Reached skill level 1 in Fighting
  6557 | D:6      | Found a burning altar of Makhleb.
  6904 | D:3      | Noticed Robin
  6908 | D:3      | Killed Robin
  7260 | D:6      | Reached skill level 10 in Poison Magic
  8118 | D:6      | Reached skill level 1 in Maces & Flails
  8331 | D:7      | Reached XP level 9. HP: 56/63 MP: 9/15
  8370 | D:7      | Reached ** piety under Fedhas
  8659 | D:7      | Noticed a hornet
  8671 | D:7      | Killed a hornet
  9362 | D:7      | Noticed a moth of wrath
  9374 | D:7      | Found a bloodstained altar of Trog.
  9389 | D:7      | Killed a moth of wrath
  9390 | D:7      | Reached skill level 5 in Maces & Flails
  9390 | D:7      | Reached skill level 11 in Poison Magic
  9963 | D:8      | Found Cusabeups's Magic Scroll Shoppe.
  9970 | D:8      | Bought a scroll of fog for 28 gold pieces
 10017 | D:8      | Found a hide-covered altar of Uskayaw.
 10080 | D:8      | Found Cufemp's General Store.
 10140 | D:8      | Reached skill level 1 in Air Magic
 10505 | D:8      | Found Voicvepp's Magic Scroll Emporium.
 10707 | D:8      | Bought a scroll of identify for 24 gold pieces
 11443 | D:9      | Noticed Grum
 11449 | D:9      | Reached skill level 1 in Armour
 11449 | D:9      | Reached XP level 10. HP: 40/70 MP: 6/16
 11454 | D:9      | Killed Grum
 11648 | D:9      | Reached skill level 12 in Poison Magic
 11658 | D:9      | Reached skill level 1 in Invocations
 11676 | D:9      | Noticed a cyclops
 11954 | D:9      | Reached *** piety under Fedhas
 11955 | D:9      | Reached skill level 5 in Armour
 11957 | D:9      | Noticed Psyche
 11966 | D:8      | Killed Psyche
 12197 | D:9      | Slain by a yak

Illustrated notes

Levels and vault maps discovered:
D:1:      eino_arrival_water_cross, layout_rooms,
          shapermc_ecumenical_altar_rom_forum
D:2:      layout_basic, basic_altar, corexii_leaking_fountain
D:3:      layout_basic, led_sif_book, corexii_shack, uniq_robin
D:4:      layout_loops_corners, mainiacjoe_overflow_concentric_impassable,
          minmay_temple_entry_wispy, uniq_crazy_yiuf_cottage
D:5:      layout_rooms, kennysheep_ying_yang, fountainhead, saegor_snake_ambush,
          uniq_blork_the_orc, uniq_duvessa
D:6:      layout_rooms, mainiacjoe_overflow_24_doors
D:7:      layout_loops_ring, tgw_trog
D:8:      layout_basic, mainiacjoe_overflow_alcove_2, serial_shops, shop, shop,
          nicolae_shop_stone
D:9:      layout_cave_pools, erik_lair_island, uniq_psyche, uniq_grum,
          uniq_maggie
Temple:   regret_index_temple_waves

Skill      XL: |  1  2  3  4  5  6  7  8  9 10 |
---------------+-------------------------------+-----
Transmutations | 2 3 |  3.0
Stealth        | 3 5 6 |  6.9
Poison Magic   | 5 6 7 9 10 11 12 | 12.0
Spellcasting   | 3 4 |  4.0
Fighting       | 3 |  3.1
Maces & Flails | 2 6 |  6.0
Air Magic      | 1 3 |  3.0
Armour         | 1 5 |  5.7
Invocations    | 2 |  2.8
Dodging        | |  1.7

Action                   |  1- 3 |  4- 6 |  7- 9 | 10-12 || total
-------------------------+-------+-------+-------+-------++-------
Melee: Unarmed           |       |     2 |       |       ||     2
       Short sword       |       |    15 |    82 |       ||    97
       Whip              |       |       |   107 |    35 ||   142
Throw: Stone             |     3 |    13 |     5 |       ||    21
       Dart              |       |       |     3 |     8 ||    11
 Cast: Sting             |    57 |   120 |    81 |     6 ||   264
       Poisonous Vapours |       |     4 |    32 |       ||    36
       Olgreb's Toxic Ra |       |       |    17 |     8 ||    25
 Abil: Dig               |       |     2 |     1 |       ||     3
Evoke: Wand              |       |       |     5 |     3 ||     8
  Use: Scroll            |       |       |    10 |       ||    10
       Potion            |       |       |     1 |       ||     1
 Stab: Sleeping          |       |     1 |     3 |       ||     4
Armor: Robe              |     2 |       |       |       ||     2
       Leather armour    |       |    14 |    74 |       ||    88
       Ring mail         |       |       |       |     8 ||     8
Dodge: Dodged            |     9 |    41 |   150 |    14 ||   214
